 Dungeon Crawl Stone Soup version 0.26-a0-1139-g7d2dc893a1 (webtiles) character file.

Game seed: 9927968637234162562

1892 Dracia the Poker (level 8, -15/63 HPs)
             Began as a Demonspawn Gladiator on Dec 21, 2020.
             Was a Follower of Makhleb.
             Demolished by Harold
             ... wielding a +0 morningstar
              (18 damage)
             ... on level 6 of the Dungeon.
             The game lasted 00:08:26 (6352 turns).

Dracia the Poker (Demonspawn Gladiator)             Turns: 6352, Time: 00:08:27

Health: -15/63     AC: 10    Str: 15    XL:     8   Next: 93%
Magic:  0/9        EV: 13    Int: 11    God:    Makhleb [*.....]
Gold:   234        SH: 10    Dex: 15    Spells: 7/7 levels left

rFire    . . .     SeeInvis .   a - +1 trident
rCold    + . .     Faith    .   o - +0 buckler
rNeg     . . .     Spirit   +   s - +0 ring mail {rC+}
rPois    .         Reflect  +   (helmet restricted)
rElec    .         Harm     .   g - +0 cloak
rCorr    .         Rampage  .   (no gloves)
Will     .....                  (no boots)
Stlth    +.........             x - amulet of reflection
HPRegen  0.20/turn              (no ring)
MPRegen  0.22/turn              O - +4 ring of protection

@: marked
A: antennae 1, magic shield, magic regeneration
a: Renounce Religion


You were on level 6 of the Dungeon.
You worshipped Makhleb.
Makhleb was aware of your devotion.
You visited 2 branches of the dungeon, and saw 8 of its levels.

You collected 234 gold pieces.


Innate Abilities, Weirdness & Mutations

You have a pair of small antennae on your head.
When hurt, damage is shared between your health and your magic reserves.
You regenerate magic rapidly.


   Skills:
 + Level 5.5 Fighting
 * Level 7.4 Polearms
 - Level 1.7 Throwing
 + Level 3.2 Armour
 - Level 4.1 Dodging
 - Level 4.0 Shields
 + Level 1.6 Invocations


You had 7 spell levels left.
You didn't know any spells.
Your spell library was empty.

Inventory:

Hand Weapons
 a - a +1 trident (weapon)
Missiles
 d - 3 throwing nets (quivered) {=f=f}
 h - 19 poisoned darts
 p - 5 curare-tipped darts {=f=f}
Armour
 b - a +0 leather armour
 c - a +0 helmet
 g - a +0 cloak (worn)
 l - a +0 scale mail
 o - a +0 buckler (worn)
 s - a +0 ring mail of cold resistance (worn)
 t - a +0 plate armour
Jewellery
 x - an amulet of reflection (around neck)
 C - an uncursed ring of ice
 L - an uncursed ring of flight
 O - a +4 ring of protection (right hand)
Wands
 v - a wand of digging (5)
Scrolls
 e - a scroll of fog
 f - a scroll of enchant weapon
 i - 2 scrolls of fear
 n - a scroll of magic mapping
 r - 3 scrolls of blinking
 u - 5 scrolls of identify {@r1@r1}
 w - a scroll of remove curse {@r2@r2}
Potions
 j - a potion of flight
 k - 3 potions of curing {@q1@q1}
 m - a potion of haste {@q3@q3}
 q - a potion of magic
 z - a potion of mutation {unknown}
 A - 2 potions of heal wounds {unknown}

Dungeon Overview and Level Annotations

Branches:
Dungeon (7/15)             Temple (1/1) D:4

Altars:
Cheibriados
Dithmenos
Elyvilon
Fedhas
Hepliaklqana
Kikubaaqudgha
Makhleb
Nemelex Xobeh
Okawaru
Qazlal
Ru
Sif Muna
Trog
Uskayaw
Vehumet
Wu Jian
Xom
Yredelemnul
The Shining One

Shops:
D:4 [

Annotations:
D:1 1 runed translucent door
D:6 Harold

#...#.....'...(.#........<
##.....##.'....##.......#)
#.....##.#.....#......##)
#........#.#.#.#.....##).
###........#######........#
#.....##..........!.......#
##....####.................
#.....#<###@...........#...
###.....##@!........#..##..
#...#..###........##...###
#..##................#.#.#
#....#..#).........#)#....
##...###.#...........##..#.
##.....####..##.............
#....####...................
#....# ##.....##...........
#..### #......####.#.......


You could see Harold.


Message History

Harold barely misses you.
You hit Harold.
Harold is severely wounded.
Harold hits you with a +0 morningstar!
* * * LOW HITPOINT WARNING * * *
Unknown command.
Use which ability? (? or * to list)
Okay, then.
You puncture Harold!
Harold is almost dead.
You hit Harold.
Harold is almost dead.
You block Harold's attack.
You hit Harold but do no damage.
Harold is almost dead.
You block Harold's attack.
You hit Harold but do no damage.
Harold is almost dead.
Harold casts a spell at you.
You barely resist. You puncture Harold!
Harold is almost dead.
You completely miss Harold.
Harold is almost dead.
Harold hits you with a +0 morningstar.
* * * LOW HITPOINT WARNING * * *
You hit Harold.
Harold is almost dead.
Harold hits you with a +0 morningstar!!
You die...

Skill      XL: |  1  2  3  4  5  6  7  8 |
---------------+-------------------------+-----
Polearms       | 3 4 5 6 7 |  7.4
Dodging        | 3 4 |  4.1
Shields        | 2 3 4 |  4.0
Fighting       | 3 4 5 |  5.5
Armour         | 1 3 |  3.2
Invocations    | 1 |  1.6
Throwing       | |  1.7

Action                   |  1- 3 |  4- 6 |  7- 9 || total
-------------------------+-------+-------+-------++-------
Melee: Trident           |   119 |   122 |   367 ||   608
  Use: Potion            |       |     5 |     6 ||    11
       Scroll            |       |       |    12 ||    12
 Stab: Sleeping          |     1 |       |       ||     1
Armor: Leather armour    |     6 |       |       ||     6
       Scale mail        |    48 |     8 |       ||    56
       Plate armour      |       |    55 |    29 ||    84
       Skin              |       |     3 |       ||     3
       Ring mail         |       |       |   104 ||   104
Dodge: Dodged            |    67 |    39 |   172 ||   278
Block: Buckler           |    14 |    19 |   108 ||   141
       Reflection        |       |       |     2 ||     2

Levels and vault maps discovered:
D:1:      dpeg_arrival_caged_fury, layout_basic, minmay_misc_feat_square,
          minmay_misc_feat_diagonals
D:2:      layout_loops_cross, lemuel_crystal_altar
D:3:      layout_basic, nicolae_overflow_crystal_walls,
          guppyfry_early_lair_pool, uniq_crazy_yiuf_cottage, uniq_grinder
D:4:      layout_rooms, minmay_temple_entry_glassed_door, serial_shops,
          nicolae_shop_crystal, corexii_corridor_pit, dk_vineyard_2
D:5:      layout_cave_pools, lemuel_crystal_altar
D:6:      layout_cave_pools, gammafunk_ghost_necromancy, minmay_mini_ossuary
D:7:      layout_cave_pools, lemuel_round_altar, uniq_harold
Temple:   eino_temple_rhombus

Notes
Turn   | Place    | Note
-------+----------+-------------------------------------------
     0 | D:1      | Dracia the Demonspawn Gladiator began the quest for the
                  | Orb.
     0 | D:1      | Reached XP level 1. HP: 16/16 MP: 1/1
     0 | D:1      | Noticed a jelly
     1 | D:1      | Found a runed translucent door.
     1 | D:1      | Noticed a jelly
   317 | D:1      | Reached skill level 3 in Polearms
   317 | D:1      | Gained mutation: When hurt, damage is shared between your
                  | health and your magic reserves. [demonic ancestry]
   317 | D:1      | Reached XP level 2. HP: 22/22 MP: 2/2
  1019 | D:2      | Found a glowing golden altar of the Shining One.
  1037 | D:2      | Reached skill level 3 in Dodging
  1037 | D:2      | Gained mutation: You have a pair of small antennae on your
                  | head. [demonic ancestry]
  1037 | D:2      | Reached XP level 3. HP: 18/28 MP: 0/3
  1699 | D:2      | Reached XP level 4. HP: 26/34 MP: 4/4
  1704 | D:2      | Reached skill level 1 in Shields
  1836 | D:3      | Found a shimmering blue altar of Sif Muna.
  2018 | D:3      | Noticed Grinder
  2050 | D:3      | Killed Grinder
  2051 | D:3      | Reached skill level 3 in Fighting
  2051 | D:3      | Reached skill level 4 in Polearms
  2051 | D:3      | Reached skill level 2 in Shields
  2051 | D:3      | Reached XP level 5. HP: 11/41 MP: 1/5
  2051 | D:3      | Reached XP level 6. HP: 12/47 MP: 1/6
  2531 | D:3      | Found a runed translucent door.
  2532 | D:3      | Noticed Crazy Yiuf
  2601 | D:4      | Noticed an ice beast
  2624 | D:3      | Killed an ice beast
  2721 | D:4      | Reached skill level 5 in Polearms
  2738 | D:4      | Reached skill level 4 in Dodging
  2754 | D:4      | Reached XP level 7. HP: 40/53 MP: 5/7
  2971 | D:4      | Found a staircase to the Ecumenical Temple.
  2990 | Temple   | Entered the Ecumenical Temple
  3101 | Temple   | Became a worshipper of Makhleb the Destroyer
  3130 | D:4      | Found Poir Juoss's Armour Emporium.
  3553 | D:3      | Killed Crazy Yiuf
  3693 | D:4      | Reached skill level 4 in Fighting
  4248 | D:5      | Entered Level 5 of the Dungeon
  4302 | D:5      | Reached skill level 1 in Armour
  4356 | D:5      | Reached skill level 3 in Shields
  4467 | D:5      | Found a hide-covered altar of Uskayaw.
  4850 | D:6      | Reached skill level 6 in Polearms
  5031 | D:6      | Gained mutation: You regenerate magic rapidly. [demonic
                  | ancestry]
  5031 | D:6      | Reached XP level 8. HP: 43/61 MP: 4/8
  5041 | D:6      | Reached skill level 2 in Armour
  5479 | D:6      | Reached * piety under Makhleb
  5601 | D:6      | Found a runed translucent gate.
  5602 | D:6      | Found a runed translucent gate.
  5603 | D:6      | Found a runed translucent gate.
  5753 | D:6      | Noticed Scuka's ghost (novice DrTm)
  5846 | D:6      | Killed Scuka's ghost
  5847 | D:6      | Reached skill level 5 in Fighting
  5847 | D:6      | Reached skill level 7 in Polearms
  5847 | D:6      | Reached skill level 3 in Armour
  5847 | D:6      | Reached skill level 4 in Shields
  5868 | D:6      | Reached skill level 1 in Invocations
  6284 | D:7      | Noticed Harold
  6345 | D:6      | HP: 4/63 [Harold/+0 morningstar (10)]
  6351 | D:6      | HP: 3/63 [Harold/+0 morningstar (2)]
  6352 | D:6      | Demolished by Harold

Vanquished Creatures
  The ghost of Scuka the Changer, a novice DrTm (D:6)
  Grinder (D:3)
  A sky beast (D:6)
  2 ice beasts
  A centaur (D:6)
  A phantom (D:4)
  An ogre (D:6)
  A bullfrog (D:6)
  A spectral bullfrog (D:6)
  A jelly (D:7)
  2 centaur zombies
  3 hounds
  Crazy Yiuf (D:3)
  A bullfrog zombie (D:6)
  2 orc priests (D:4)
  A bullfrog skeleton (D:4)
  A centaur skeleton (D:5)
  4 orc wizards
  3 worker ants
  A hound zombie (D:6)
  A mummy (D:6)
  2 adders
  2 white imps (D:6)
  A spectral adder (D:6)
  3 worms
  An adder simulacrum (D:6)
  3 leopard geckos (D:2)
  10 orcs
  3 giant cockroaches
  5 goblins
  7 hobgoblins
  8 jackals
  4 kobolds
  A quokka (D:6)
  3 bats
  4 frilled lizards
  A hobgoblin zombie (D:6)
  2 kobold zombies (D:6)
  A leopard gecko skeleton (D:6)
  An orc zombie (D:6)
  5 rats
98 creatures vanquished.

Table legend: (Time is in decaauts)
 A = Elapsed time spent in this place.
 B = Non-inter-level travel time spent in this place.
 C = Inter-level travel time spent in this place.
 D = Time resting spent in this place.
 E = Time spent auto-exploring this place.
 F = Levels seen in this place.
 G = Mean time per level.
                   A        B        C        D        E       F      G
               +--------+--------+--------+--------+--------+-----+--------+
         Total |   6351 |   5995 |    356 |   1199 |   3762 |   8 |  793.9 |
       Dungeon |   6228 |   5886 |    342 |   1199 |   3656 |   7 |  889.7 |
        Temple |    122 |    108 |     14 |      0 |    106 |   1 |  122.0 |
               +--------+--------+--------+--------+--------+-----+--------+

Top non-repeatable levels by time:
     D:6: 1636 daAuts
     D:3: 1194 daAuts
     D:2: 1164 daAuts
     D:4: 1115 daAuts
     D:1: 667 daAuts
     D:5: 416 daAuts
  Temple: 122 daAuts
     D:7: 33 daAuts

Table legend:
 A = Non-vault XP
 B = Vault XP
 C = Vault XP percentage of total XP
 D = Non-vault monster count
 E = Vault monster count
 F = Vault count percentage of total count
                 A         B        C        D         E       F
            +---------+---------+-------+---------+---------+-------
      Total |    1657 |    1046 |  38.7 |      85 |      13 |  13.3
            +---------+---------+-------+---------+---------+-------
        D:1 |      18 |       0 |   0.0 |      12 |       0 |   0.0
        D:2 |     101 |       0 |   0.0 |      23 |       0 |   0.0
        D:3 |     220 |     318 |  59.1 |      14 |       2 |  12.5
        D:4 |     379 |       0 |   0.0 |      14 |       0 |   0.0
        D:5 |     113 |       0 |   0.0 |       3 |       0 |   0.0
        D:6 |     652 |     728 |  52.8 |      17 |      11 |  39.3
        D:7 |     174 |       0 |   0.0 |       2 |       0 |   0.0
            +---------+---------+-------+---------+---------+-------
